 Dungeon Crawl Stone Soup version 0.30-a0-691-g754fce4c43 (webtiles) character file.

Game seed: 7152139836048336637

247 Absynth the Cudgeller (level 5, -1/42 HPs)
             Began as a Demonspawn Gladiator on Jan 20, 2023.
             Was an Initiate of Okawaru.
             Splashed by a jelly's acid (8 damage)
             ... on level 5 of the Dungeon.
             The game lasted 00:09:36 (3312 turns).

Absynth the Cudgeller (Demonspawn Gladiator)        Turns: 3312, Time: 00:09:37

Health: -1/42      AC: -1    Str: 15    XL:     5   Next: 85%
Magic:  5/5        EV: 12    Int: 11    God:    Okawaru [......]
Gold:   279        SH:  4    Dex: 14    Spells: 4/4 levels left

rFire   . . .      SeeInvis .    a - +0 flail
rCold   + . .      Faith    .    g - +0 buckler
rNeg    . . .      Spirit   .    i - +0 leather armour {rC+}
rPois   .          Reflect  .    c - +0 helmet
rElec   .          Harm     .    (no cloak)
rCorr   .          Rampage  .    u - +1 pair of gloves
Will    .....                    (no boots)
Stlth   +                        (no amulet)
HPRegen 0.27/turn                (no ring)
MPRegen 0.09/turn                (no ring)

@: corroded
A: claws 1, rugged brown scales 1, powered by death 2
a: Renounce Religion


You were on level 5 of the Dungeon.
You worshipped Okawaru.
Okawaru was noncommittal.
You visited 1 branch of the dungeon, and saw 5 of its levels.

You collected 279 gold pieces.

Inventory:

Hand Weapons
 a - a +0 flail (weapon)
 b - a +0 sling
Missiles
 d - 3 throwing nets
 e - a javelin
 o - a poisoned dart (quivered)
Armour
 c - a +0 helmet (worn)
 g - a +0 buckler (worn)
 i - a +0 leather armour of cold resistance (worn)
 u - a +1 pair of gloves (worn)
Jewellery
 h - a ring of wizardry
Scrolls
 j - 4 scrolls of identify {unknown}
 l - 2 scrolls of immolation {unknown}
 n - a scroll of fear {unknown}
 p - 4 scrolls of teleportation {unknown}
 t - a scroll of amnesia {unknown}
 v - a scroll of torment {unknown}
Potions
 f - a potion of haste {unknown}
 k - a potion of cancellation {unknown}
 m - 2 potions of mutation {unknown}
 q - a potion of lignification {unknown}
 r - 3 potions of curing {unknown}
 s - a potion of flight {unknown}
 w - a potion of attraction {unknown}


   Skills:
 + Level 3.2 Fighting
 * Level 4.3 Maces & Flails
 - Level 1.7 Throwing
 + Level 3.6 Dodging
 + Level 2.0 Shields


You had 4 spell levels left.
You didn't know any spells.
Your spell library contained the following spells:

 Spells                   Type           Power      Damage    Failure   Level
 Freeze                   Ice            0%         1d3       52%         1
 Lesser Beckoning         Tloc           0%         N/A       65%         2
 Frozen Ramparts          Ice            0%         1d1       87%         3
 Gell's Gravitas          Tloc           0%         N/A       87%         3
 Hailstorm                Conj/Ice       0%         3d3       87%         3
 Teleport Other           Tloc           0%         N/A       87%         3


Dungeon Overview and Level Annotations

Branches:
Dungeon (5/15)
 Temple: D:4-7

Altars:
Hepliaklqana
Okawaru
Vehumet


Innate Abilities, Weirdness & Mutations

You have sharp fingernails.
You are partially covered in rugged brown scales. (AC +1, +3% HP)
You regenerate health from kills.


Message History

Press: ? - help, Q - select action, (/) - cycle Shift-Dir - straight line, f/p - sky beast
Aim: a sky beast (48% to hit)
You throw a poisoned dart.
The poisoned dart barely misses the sky beast.
The sky beast flickers out of sight!
Deactivating autopickup; reactivate with Ctrl-A.
There is a stone staircase leading up here.
A sky beast appears from thin air!
Reactivating autopickup.
You climb upwards.
There is a stone staircase leading down here.
There is an open door here.
There is an open door here.
There is an open door here.
There is an open door here.
There is a stone staircase leading down here.
You climb downwards.
Found a scroll labelled SEOMIE DUHOSUE and an amethyst potion.
There is a stone staircase leading up here.
You block the jelly's attack.
You hit the jelly.
Your hands burn!
The jelly is moderately wounded.
The jelly hits you.
You are splashed with acid.
You hit the jelly but do no damage.
Your hands burn!
The jelly is moderately wounded.
The jelly closely misses you.
You hit the jelly but do no damage. The acid corrodes you!
Your hands burn!
The jelly is moderately wounded.
The jelly barely misses you.
You hit the jelly.
Your hands burn!
* * * LOW HITPOINT WARNING * * *
The jelly is heavily wounded.
The jelly hits you.
* * * LOW HITPOINT WARNING * * *
The acid corrodes you!
You are splashed with acid!
* * * LOW HITPOINT WARNING * * *
The jelly hits you.
* * * LOW HITPOINT WARNING * * *
The acid corrodes you!
You are splashed with acid!
You die...

........
.##.......
.........####.##
.......... .#..#
.........##....##
#.............#
#!..J.........#.
###....@..........
..................
..................
#.................
##........<..##..
##........?......
#..###.........#
### #...........
#............


You could see a jelly.

Vanquished Creatures
  2 howler monkeys
  An orc wizard (D:4)
  An iguana (D:4)
  A statue (D:3)
  3 adders
  An ufetubus (D:4)
  2 worms (D:2)
  6 dart slugs
  3 orcs (D:4)
  2 ball pythons (D:4)
  3 endoplasms
  A giant cockroach (D:2)
  6 goblins
  5 hobgoblins
  2 jackals (D:2)
  A kobold (D:1)
  2 quokkas
  2 bats
  4 frilled lizards
  3 rats
51 creatures vanquished.

Notes
Turn   | Place    | Note
-------+----------+-------------------------------------------
     0 | D:1      | Absynth the Demonspawn Gladiator began the quest for the
                  | Orb.
     0 | D:1      | Reached XP level 1. HP: 16/16 MP: 1/1
   124 | D:1      | Gained mutation: You have sharp fingernails. [demonic
                  | ancestry]
   124 | D:1      | Reached XP level 2. HP: 22/22 MP: 2/2
   183 | D:1      | Reached skill level 3 in Maces & Flails
   857 | D:2      | Gained mutation: You are partially covered in rugged brown
                  | scales. (AC +1, +3% HP) [demonic ancestry]
   857 | D:2      | Reached XP level 3. HP: 22/28 MP: 3/3
  1051 | D:2      | Reached skill level 1 in Shields
  1638 | D:3      | Gained mutation: You regenerate a little health from kills.
                  | [demonic ancestry]
  1638 | D:3      | Reached XP level 4. HP: 19/35 MP: 4/4
  1731 | D:3      | Found a hazy altar of Hepliaklqana.
  1904 | D:3      | Found an iron altar of Okawaru.
  1943 | D:3      | Became a worshipper of Warmaster Okawaru
  2088 | D:3      | Found a radiant altar of Vehumet.
  2088 | D:3      | Noticed a frost-covered statue
  2111 | D:3      | Killed a frost-covered statue
  2112 | D:3      | Gained mutation: You regenerate health from kills. [demonic
                  | ancestry]
  2112 | D:3      | Reached XP level 5. HP: 41/41 MP: 5/5
  2542 | D:4      | Reached skill level 4 in Maces & Flails
  3189 | D:5      | Entered Level 5 of the Dungeon
  3189 | D:5      | Noticed a sky beast
  3312 | D:5      | Splashed by a jelly's acid

Illustrated notes

Levels and vault maps discovered:
D:1:      mrwooster_arrival_statue_3, layout_rooms, grunt_decor_mini_mirrors
D:2:      layout_loops_corners
D:3:      layout_basic, mainiacjoe_overflow_small_starburst,
          nicolae_hepliaklqana_hippocampus, vehumet_statue
D:4:      layout_gridville, dk_noncrumbling_4, chequers_arboretum
D:5:      layout_cave_pools, mainiacjoe_overflow_six_doors_small,
          kennysheep_mini

Skill      XL: |  1  2  3  4  5 |
---------------+----------------+-----
Maces & Flails | 3 4 |  4.3
Dodging        | 3 |  3.6
Shields        | 1 2 |  2.0
Fighting       | 3 |  3.2
Throwing       | |  1.7

Action                   |  1- 3 |  4- 6 || total
-------------------------+-------+-------++-------
Melee: Flail             |    92 |    72 ||   164
 Fire: Sling             |    30 |    34 ||    64
Throw: Dart              |       |     4 ||     4
Armor: Leather armour    |    16 |    33 ||    49
Dodge: Dodged            |    48 |    55 ||   103
Block: Buckler           |    18 |    19 ||    37

Table legend: (Time is in decaauts)
 A = Elapsed time spent in this place.
 B = Non-inter-level travel time spent in this place.
 C = Inter-level travel time spent in this place.
 D = Time resting spent in this place.
 E = Time spent auto-exploring this place.
 F = Levels seen in this place.
 G = Mean time per level.
                   A        B        C        D        E       F      G
               +--------+--------+--------+--------+--------+-----+--------+
         Total |   3377 |   3190 |    187 |     73 |   2437 |   5 |  675.4 |
       Dungeon |   3377 |   3190 |    187 |     73 |   2437 |   5 |  675.4 |
               +--------+--------+--------+--------+--------+-----+--------+

Top non-repeatable levels by time:
     D:4: 1076 daAuts
     D:2: 1036 daAuts
     D:3: 675 daAuts
     D:1: 566 daAuts
     D:5: 22 daAuts
